 Dungeon Crawl Stone Soup version 0.26-a0-661-g406de6ba63 (webtiles) character file.

Game seed: 18420871672616074771

2744 timneilson the Protected (level 9, -4/56 HPs)
             Began as a Gargoyle Fighter on Oct 8, 2020.
             Was a Believer of Okawaru.
             Slain by an orc warrior
             ... wielding a +0 battleaxe
              (9 damage)
             ... on level 7 of the Dungeon.
             The game lasted 00:09:55 (6407 turns).

timneilson the Protected (Gargoyle Fighter)         Turns: 6407, Time: 00:09:56

Health: -4/56      AC: 23    Str: 23    XL:     9   Next: 68%
Magic:  0/12       EV:  7    Int:  9    God:    Okawaru [**....]
Gold:   297        SH: 11    Dex:  9    Spells: 8/8 levels left

rFire    . . .     SeeInvis .   A - +0 scimitar
rCold    . . .     Faith    .   c - +0 kite shield
rNeg     + . .     Spirit   +   h - +0 chain mail
rPois    ∞         Reflect  .   j - +0 hat
rElec    +         Harm     .   G - +2 cloak
rCorr    .         Rampage  .   q - +1 pair of gloves
MR       .....                  (no boots)
Stlth    ..........             v - amulet of guardian spirit
HPRegen  0.18/turn              (no ring)
MPRegen  0.13/turn              (no ring)

@: marked, hasted, very quick
A: negative energy resistance 1, electricity resistance, unbreathing,
petrification resistance, rot immunity, AC +6
a: Heroism, Renounce Religion


You were on level 7 of the Dungeon.
You worshipped Okawaru.
Okawaru was pleased with you.
You visited 2 branches of the dungeon, and saw 8 of its levels.
You also visited: Ossuary.

You collected 297 gold pieces.

Inventory:

Hand Weapons
 a - a +0 long sword
 A - a +0 scimitar (weapon)
Armour
 c - a +0 kite shield (worn)
 f - a +0 cloak of stealth
 h - a +0 chain mail (worn)
 j - a +0 hat (worn)
 m - a +0 plate armour
 q - a +1 pair of gloves (worn)
 G - a +2 cloak (worn)
Jewellery
 k - an uncursed ring of ice
 n - an uncursed ring of ice
 v - an amulet of guardian spirit (around neck)
Wands
 o - a wand of flame (15)
 y - a wand of iceblast (7)
 z - a wand of polymorph (13)
 B - a wand of random effects (19)
 H - a wand of acid (11)
Scrolls
 i - 3 scrolls of remove curse
 s - a scroll of enchant armour
 t - a scroll of blinking
 u - 3 scrolls of fog
 w - a scroll of teleportation
 D - a scroll of fear
Potions
 b - a potion of invisibility {unknown}
 d - 2 potions of might
 e - 2 potions of stabbing
 l - 4 potions of curing
 p - 3 potions of haste
 r - a potion of heal wounds {unknown}
 x - a potion of mutation {unknown}
 C - a potion of flight {unknown}
 E - a potion of berserk rage {unknown}


   Skills:
 + Level 6.8 Fighting
 * Level 7.2 Long Blades
 * Level 9.1 Armour
 * Level 9.1 Shields
 + Level 4.7 Invocations
 + Level 3.9 Evocations


You had 8 spell levels left.
You didn't know any spells.
Your spell library was empty.

Dungeon Overview and Level Annotations

Branches:
Dungeon (7/15)             Temple (1/1) D:5         Ossuary (visited)

Altars:
Cheibriados
Elyvilon
Hepliaklqana
Kikubaaqudgha
Makhleb
Nemelex Xobeh
Okawaru
Ru
Sif Muna
Trog
Uskayaw
Vehumet
Xom
Yredelemnul
Zin
The Shining One

Annotations:
D:4 3 runed translucent doors, sahdkjhfkaj's ghost, amateur SpDe


Innate Abilities, Weirdness & Mutations

You are resistant to torment.
Your stone body is resilient. (AC +6)
You are immune to poison.
You resist negative energy. (rN+)
You are resistant to electric shocks. (rElec)
You can survive without breathing.
You are immune to petrification.
You are immune to rotting.


Message History

You feel yourself speed up. You block the orc warrior's attack.
The orc priest invokes the aid of Beogh against you.
Beogh smites you!
* * * LOW HITPOINT WARNING * * *
Harold barely misses you.
You riposte.
You hit Harold.
Harold is severely wounded.
You don't have enough magic at the moment.
You slash Harold!
Harold is almost dead.
The orc warrior barely misses you.
You slice Harold!!
You kill Harold!
Okawaru is honoured by your kill.
Your Armour skill increases to level 9!
Your Shields skill increases to level 9!
Unknown command.
You slash the orc priest!
The orc priest is heavily wounded.
The orc warrior hits you with a +0 battleaxe!
You die...

# #...# .. #### #)#.####
### ... ..# #.#....# #.#
.... #.# #.####.# #.#
.....##.###.####.###.####
.....!>....^.............
.(..###.###....##..#.####
# #..#####.##......##
##@# ..##.<...... #oo# ##
########## ##S# Z# .. #.#
.# ..


You could see an orc warrior, an orc priest, an adder and an adder skeleton.

Vanquished Creatures
  Harold (D:7)
  Menkaure (Ossuary)
  A phantom (D:6)
  A sky beast (D:5)
  A centaur (D:7)
  2 ogres (D:6)
  2 scorpions
  A howler monkey (D:4)
  A hound (D:6)
  3 jellies
  A centaur skeleton (D:6)
  3 iguanas
  3 worker ants
  3 mummies (Ossuary)
  A howler monkey zombie (D:6)
  8 adders
  3 shadow imps
  A white imp (D:5)
  An ufetubus (D:6)
  2 oozes (D:1)
  An adder skeleton (D:4)
  8 worms
  3 dart slugs
  4 leopard geckos
  12 orcs
  5 giant cockroaches
  5 gnoll zombies (Ossuary)
  7 goblins
  5 hobgoblins
  7 jackals
  7 kobolds
  3 quokkas
  A ball python (D:2)
  4 bats
  4 frilled lizards
  A gnoll skeleton (Ossuary)
  4 goblin skeletons (Ossuary)
  4 goblin zombies (Ossuary)
  5 hobgoblin skeletons (Ossuary)
  3 hobgoblin zombies (Ossuary)
  5 kobold skeletons (Ossuary)
  2 kobold zombies (Ossuary)
  5 orc skeletons (Ossuary)
  3 orc zombies (Ossuary)
  4 rats
  5 rat skeletons (Ossuary)
  7 rat zombies (Ossuary)
164 creatures vanquished.

Vanquished Creatures (others)
  A bat (D:1)
  A goblin zombie (Ossuary)
2 creatures vanquished.

Grand Total: 166 creatures vanquished

Notes
Turn   | Place    | Note
-------+----------+-------------------------------------------
     0 | D:1      | timneilson the Gargoyle Fighter began the quest for the
                  | Orb.
     0 | D:1      | Reached XP level 1. HP: 14/14 MP: 1/1
   166 | D:1      | Reached XP level 2. HP: 19/19 MP: 2/2
   659 | D:1      | Reached XP level 3. HP: 21/23 MP: 3/3
  1052 | D:2      | Reached XP level 4. HP: 28/28 MP: 4/4
  2611 | D:4      | Found a runed translucent gate.
  2617 | D:4      | Reached XP level 5. HP: 20/33 MP: 5/5
  2618 | D:4      | Found a runed translucent gate.
  2726 | D:4      | Found a runed translucent gate.
  2726 | D:4      | Noticed sahdkjhfkaj's ghost (amateur SpDe)
  2726 | D:4      | Noticed an ogre
  3080 | D:4      | Reached XP level 6. HP: 28/38 MP: 6/6
  3208 | D:4      | Reached skill level 5 in Shields
  3571 | D:5      | Entered Level 5 of the Dungeon
  3606 | D:5      | Reached skill level 5 in Armour
  3607 | D:5      | Found a sand-covered staircase.
  3612 | Ossuary  | Entered an ossuary
  3928 | Ossuary  | Noticed Menkaure
  3940 | Ossuary  | Killed Menkaure
  3940 | Ossuary  | Reached XP level 7. HP: 26/44 MP: 7/7
  4301 | D:5      | Found an ancient bone altar of Kikubaaqudgha.
  4422 | D:5      | Found a staircase to the Ecumenical Temple.
  4436 | Temple   | Entered the Ecumenical Temple
  4674 | Temple   | Became a worshipper of Warmaster Okawaru
  4930 | D:5      | Found a snail-covered altar of Cheibriados.
  5197 | D:5      | Reached XP level 8. HP: 52/52 MP: 7/11
  5591 | D:6      | Reached XP level 9. HP: 52/56 MP: 12/12
  5712 | D:6      | Reached * piety under Okawaru
  6389 | D:7      | Noticed Harold
  6406 | D:7      | Killed Harold
  6406 | D:7      | Reached ** piety under Okawaru
  6407 | D:7      | Slain by an orc warrior

Illustrated notes

Levels and vault maps discovered:
D:1:      heliophobic_arrival_glass_houses, layout_basic
D:2:      minmay_evil_eye, layout_basic, grunt_ministairs_9,
          kennysheep_generic_room_5
D:3:      layout_loops_cross
D:4:      layout_cave_pools, gammafunk_ghost_split
D:5:      layout_loops_ring, slow_altar_2, minmay_temple_entry_ruins,
          basic_altar, enter_ossuary_2, kennysheep_generic_room_12
D:6:      layout_loops_ring
D:7:      layout_basic, uniq_harold
Temple:   regret_index_temple_generic_petals

Skill      XL: |  1  2  3  4  5  6  7  8  9 |
---------------+----------------------------+-----
Long Blades    | 2 3 6 7 |  7.2
Shields        | 4 5 8 9 |  9.1
Armour         | 4 5 8 9 |  9.1
Fighting       | 4 6 |  6.8
Invocations    | 4 |  4.7
Evocations     | 3 |  3.9

Action                   |  1- 3 |  4- 6 |  7- 9 || total
-------------------------+-------+-------+-------++-------
Melee: Long sword        |   127 |   358 |    30 ||   515
       Scimitar          |       |       |   166 ||   166
  Use: Scroll            |       |     9 |     7 ||    16
       Potion            |       |     1 |     2 ||     3
Armor: Scale mail        |    74 |   169 |     3 ||   246
       Chain mail        |       |       |    82 ||    82
Dodge: Dodged            |    47 |   110 |    64 ||   221
Block: Kite shield       |    64 |   180 |   103 ||   347
       Rpst.: Long sword |    16 |    31 |     4 ||    51
       Scimitar          |       |       |    20 ||    20

Table legend: (Time is in decaauts)
 A = Elapsed time spent in this place.
 B = Non-inter-level travel time spent in this place.
 C = Inter-level travel time spent in this place.
 D = Time resting spent in this place.
 E = Time spent auto-exploring this place.
 F = Levels seen in this place.
 G = Mean time per level.
                   A        B        C        D        E       F      G
               +--------+--------+--------+--------+--------+-----+--------+
         Total |   6596 |   6430 |    166 |      0 |   4959 |   9 |  732.9 |
       Dungeon |   5788 |   5667 |    121 |      0 |   4543 |   7 |  826.9 |
        Temple |    264 |    219 |     45 |      0 |    217 |   1 |  264.0 |
       Ossuary |    544 |    544 |      0 |      0 |    199 |   1 |  544.0 |
               +--------+--------+--------+--------+--------+-----+--------+

Top non-repeatable levels by time:
     D:6: 1133 daAuts
     D:4: 999 daAuts
     D:3: 991 daAuts
     D:5: 913 daAuts
     D:1: 884 daAuts
     D:2: 803 daAuts
 Ossuary: 544 daAuts
  Temple: 264 daAuts
     D:7: 63 daAuts
